 Dungeon Crawl Stone Soup version 0.31-a0-361-g0f8bd3a31e (webtiles) character file.

Game seed: 2135564483500310489

232 BritishOli the Trooper (level 5, -3/41 (43) HPs)
             Began as a Demonspawn Fighter on July 27, 2023.
             Slain by a wight
             ... wielding a +3 mace
              (10 damage)
             ... on level 3 of the Dungeon.
             The game lasted 00:02:24 (2380 turns).

BritishOli the Trooper (Demonspawn Fighter)         Turns: 2380, Time: 00:02:25

HP:   -3/41 (43)    AC:  7    Str: 18    XL:     5   Next: 73%
MP:   5/5           EV: 14    Int:  9    God:
Gold: 271           SH:  4    Dex: 13    Spells: 4/4 levels left

rFire   . . .        a - +0 war axe
rCold   . . .        c - +0 buckler
rNeg    . . .        b - +0 scale mail
rPois   .            (helmet restricted)
rElec   .            (no cloak)
rCorr   .            (no gloves)
SInv    .            (no boots)
Will    .....        e - amulet of the acrobat Stlth
                     f - +5 ring of evasion
HPRegen 0.26/turn    (no ring)
MPRegen 0.09/turn

%: acrobat
@: lightly drained
A: horns 1, foul stench 1
a: no special abilities


You were on level 3 of the Dungeon.
You visited 1 branch of the dungeon, and saw 4 of its levels.

You collected 271 gold pieces.

Inventory:

Hand Weapons
 a - a +0 war axe (weapon)
Missiles
 u - 2 throwing nets
Armour
 b - a +0 scale mail (worn)
 c - a +0 buckler (worn)
Jewellery
 e - an amulet of the acrobat (around neck)
 f - a +5 ring of evasion (left hand)
Wands
 q - a wand of mindburst (20)
 s - a wand of flame (13)
 t - a wand of iceblast (8)
 w - a wand of paralysis (14)
Scrolls
 h - 2 scrolls of torment {unknown}
 i - 2 scrolls of teleportation
 j - 2 scrolls of revelation {unknown}
 l - 3 scrolls of identify {unknown}
 o - a scroll of fog {unknown}
 r - 2 scrolls of amnesia {unknown}
 x - a scroll of immolation {unknown}
 y - a scroll of enchant armour {unknown}
Potions
 d - 2 potions of might
 g - 4 potions of curing {unknown}
 k - a potion of lignification {unknown}
 m - 3 potions of heal wounds {unknown}
 n - a potion of cancellation {unknown}
 p - a potion of attraction {unknown}
 v - a potion of degeneration {unknown}


   Skills:
 + Level 4.4 Fighting
 + Level 3.3 Axes
 + Level 3.9 Armour
 - Level 3.0 Shields


You had 4 spell levels left.
You didn't know any spells.
Your spell library contained the following spells:

 Spells                   Type           Power      Damage    Failure   Level
 Inner Flame              Hex/Fire       0%         N/A       99%         3
 Flame Wave               Conj/Fire      0%         2d4       100%        4
 Sticky Flame             Conj/Fire      0%         2d3       100%        4
 Yara's Violent Unravell  Hex/Tmut       0%         3d3       100%        5
 Enfeeble                 Hex            0%         N/A       100%        7


Dungeon Overview and Level Annotations

Branches:
Dungeon (4/15)
 Temple: D:4-7

Altars:

Annotations:
D:4 Pikel


Innate Abilities, Weirdness & Mutations

You have a pair of small horns on your head.
You may rarely emit foul miasma when damaged in melee.


Message History

You are too injured to fight recklessly!
You are too injured to fight recklessly!
You are too injured to fight recklessly!
You are too injured to fight recklessly!
You are too injured to fight recklessly!
You are too injured to fight recklessly!
You are too injured to fight recklessly!
You are too injured to fight recklessly!
You are too injured to fight recklessly!
You are too injured to fight recklessly!
You are too injured to fight recklessly!
You are too injured to fight recklessly!
You are too injured to fight recklessly!
You are too injured to fight recklessly!
You are too injured to fight recklessly!
You are too injured to fight recklessly!
You are too injured to fight recklessly!
You are too injured to fight recklessly!
Unknown command.
You hit the iguana. Your headbutt misses the iguana.
The iguana is severely wounded.
You hit the wight. You barely miss the lemure.
The wight hits you with a +3 mace!
* * * LOW HITPOINT WARNING * * *
The lemure hits you but does no damage. The iguana barely misses you.
Unknown command.
The lemure attacks as you move away! The lemure completely misses you.
There is a stone staircase leading up here.
You block the wight's attack. The lemure hits you but does no damage.
You climb upwards.
There is a stone staircase leading down here.
You are too injured to fight recklessly!
You closely miss the lemure. Your headbutt misses the lemure.
The lemure is severely wounded.
You hit the wight but do no damage. The wight hits you with a +3 mace.
* * * LOW HITPOINT WARNING * * *
You feel drained.
* * * LOW HITPOINT WARNING * * *
The lemure misses you. The wight hits you with a +3 mace!
You die...

.# #รท# .# #.# .# #.#
.# #.# .###### #.#
......# #.#
#####.######### #.####
#.............####....#
#.###.#........z@5..#.#
#.# #......##.#####.#.#
#.# #............##.#.#
#.# ##.....##.##.##.#.#
#.#####...###.##.##.#.#
#................##.#.#
..#####...###......)..#
..# ##.####.#..##.###
### ##.###.....##)#


You could see a lemure and a wight.

Vanquished Creatures
  A lemure (D:3)
  An orc priest (D:2)
  Ijyb (D:3)
  Robin (D:3)
  A gnoll (D:1)
  5 adders
  4 dart slugs
  10 orcs
  4 bats
  9 endoplasms
  4 giant cockroaches
  18 goblins
  7 hobgoblins
  4 jackals (D:2)
  8 kobolds
  A quokka (D:2)
  4 ball pythons
  2 frilled lizards
  9 rats
94 creatures vanquished.

Notes
Turn   | Place    | Note
-------+----------+-------------------------------------------
     0 | D:1      | BritishOli the Demonspawn Fighter began the quest for the
                  | Orb.
     0 | D:1      | Reached XP level 1. HP: 18/18 MP: 1/1
   114 | D:1      | Gained mutation: You may rarely emit foul miasma when
                  | damaged in melee. [demonic ancestry]
   114 | D:1      | Reached XP level 2. HP: 20/24 MP: 2/2
   306 | D:1      | Found a faded altar of an unknown god.
   432 | D:1      | Reached XP level 3. HP: 24/29 MP: 3/3
   837 | D:2      | Reached XP level 4. HP: 17/37 MP: 4/4
  1374 | D:3      | Noticed Ijyb
  1397 | D:3      | Killed Ijyb
  1398 | D:3      | Reached skill level 4 in Fighting
  1398 | D:3      | Gained mutation: You have a pair of small horns on your
                  | head. [demonic ancestry]
  1398 | D:3      | Reached XP level 5. HP: 32/42 MP: 5/5
  1504 | D:3      | Noticed Robin
  1512 | D:3      | Killed Robin
  2157 | D:4      | Noticed Pikel
  2157 | D:4      | Noticed a lemure
  2157 | D:4      | Noticed a lemure
  2157 | D:4      | Noticed a lemure
  2158 | D:4      | Noticed a lemure
  2304 | D:3      | Killed a lemure
  2380 | D:3      | Slain by a wight

Illustrated notes

Levels and vault maps discovered:
D:1:      spicycebolla_arrival_transporter_tutorial, layout_basic,
          shapermc_ecumenical_altar_acropolis, minmay_misc_feat_plants
D:2:      layout_loops_ring
D:3:      layout_loops_ring, uniq_robin, uniq_ijyb
D:4:      minmay_evil_eye, layout_rooms, minmay_temple_entry_poolview,
          uniq_pikel

Skill      XL: |  1  2  3  4  5 |
---------------+----------------+-----
Axes           | 2 3 |  3.3
Shields        | 3 |  3.0
Armour         | 3 |  3.9
Fighting       | 4 |  4.4

Action                     |  1- 3 |  4- 6 || total
---------------------------+-------+-------++-------
  Melee: War axe           |   126 |   125 ||   251
         Headbutt          |       |    10 ||    10
    Use: Scroll            |       |     1 ||     1
 Armour: Scale mail        |    56 |    30 ||    86
  Dodge: Dodged            |    65 |   106 ||   171
  Block: Buckler           |    31 |    30 ||    61

Table legend: (Time is in decaauts)
 A = Elapsed time spent in this place.
 B = Non-inter-level travel time spent in this place.
 C = Inter-level travel time spent in this place.
 D = Time resting spent in this place.
 E = Time spent auto-exploring this place.
 F = Levels seen in this place.
 G = Mean time per level.
                   A        B        C        D        E       F      G
               +--------+--------+--------+--------+--------+-----+--------+
         Total |   2484 |   2421 |     63 |    230 |   1569 |   4 |  621.0 |
       Dungeon |   2484 |   2421 |     63 |    230 |   1569 |   4 |  621.0 |
               +--------+--------+--------+--------+--------+-----+--------+

Top non-repeatable levels by time:
     D:3: 976 daAuts
     D:2: 781 daAuts
     D:1: 563 daAuts
     D:4: 163 daAuts
